AoeStats
← _ridiwan_

Arabia

507990979Analyzed
1v1 RM · 13d ago on Sep 20, 2026· 22m 32s· 2 players
Game mode
Random Map
Map size
Tiny (2 player)
Population
200
Speed
Normal
Resources
Standard
Victory
Conquest
Starting age
Dark Age
Ending age
Imperial Age
RankedLock teamsTeams togetherTeam positionsShared explorationLock speedFull tech treeHidden civsTurbo modeCheats
Victory
Defeat
🇨🇳 Bulgarians · China
509
+14
🇨🇭 Persians · Switzerland
471
-14
_ridiwan_
10:34 Loom
12:19 Feudal Age
18:58 Castle Age
18:29 Double-Bit Axe
18:33 Horse Collar
crazypig
3:42 Loom
11:03 Feudal Age
11:33 Double-Bit Axe
12:06 Arson
15:26 Forging
17:12 Gold Mining
24:06 Castle Age
Connection lost

Rejoining the realm…

Still unreachable

The connection could not be restored.

Session expired

The server has moved on; the page needs a fresh start.